 Dungeon Crawl Stone Soup version 0.29.0-15-g675c0067aa (webtiles) character file.

Game seed: 727239540226950303

7 qw the Sneak (level 2, -3/19 HPs)
             Began as a Gargoyle Delver on Sept 11, 2022.
             Slain by a gnoll
             ... wielding a +0 club
             ... led by a gnoll bouda
              (6 damage)
             ... on level 4 of the Dungeon.
             The game lasted 00:00:06 (374 turns).

qw the Sneak (Gargoyle Delver)                       Turns: 374, Time: 00:00:06

Health: -3/19      AC:  5    Str: 15    XL:     2   Next: 0%
Magic:  2/2        EV: 11    Int: 10    God:
Gold:   0          SH:  0    Dex: 11    Spells: 1/1 levels left

rFire   . . .      SeeInvis .   a - +0 hand axe
rCold   . . .      Faith    .   (no shield)
rNeg    + . .      Spirit   .   b - +0 leather armour
rPois   inf        Reflect  .   (no helmet)
rElec   +          Harm     .   (no cloak)
rCorr   .          Rampage  .   (no gloves)
Will    .....                   (no boots)
Stlth   +++.......              (no amulet)
HPRegen 0.06/turn               (no ring)
MPRegen 0.08/turn               (no ring)

@: no status effects
A: sickness immunity, AC +2, negative energy resistance 1, electricity
resistance, torment resistance 1, petrification resistance
a: no special abilities


You were on level 4 of the Dungeon.
You visited 1 branch of the dungeon, and saw 3 of its levels.


Innate Abilities, Weirdness & Mutations

You are immune to sickness and miasma.
Your stone body is resilient. (AC +2)
You are immune to poison.
You resist negative energy. (rN+)
You are resistant to electric shocks. (rElec)
You are resistant to unholy torment.
You are immune to petrification.


   Skills:
 - Level 3.2 Fighting
 + Level 2.4 Axes
 - Level 1.5 Dodging
 - Level 5.4 Stealth


You had one spell level left.
You didn't know any spells.
Your spell library was empty.

Inventory:

Hand Weapons
 a - a +0 hand axe (weapon)
 c - a +0 club
Armour
 b - a +0 leather armour (worn)
Wands
 g - a wand of digging (3)
Potions
 f - a potion of haste

Dungeon Overview and Level Annotations

Branches:
Dungeon (5/15)
 Temple: D:4-7

Altars:


Message History

Enter note: You hear the rusting of a distant drain.
A hobgoblin comes into view.
Enter note: The hobgoblin shouts!
A gnoll opens the door.
A gnoll bouda and 2 gnolls come into view.
367 ||| Stepping ~*~*~tactically~*~*~ (hiding).
The gnoll bouda moves out of view.
The gnoll moves out of view.
You closely miss the hobgoblin. The hobgoblin hits you.
The gnoll shouts!
You hit the hobgoblin.
The hobgoblin is almost dead.
The gnoll shouts!
You hear a shout!
The hobgoblin barely misses you.
You hit the hobgoblin.
You kill the hobgoblin!
You hit the gnoll but do no damage. The gnoll hits you with a +0 club!
Ouch! That really hurt!
You have reached level 2!
You hit the gnoll but do no damage. The gnoll misses you.
The gnoll closely misses you.
You slash the gnoll!
The gnoll is heavily wounded.
You hit the gnoll. The gnoll hits you with a +0 club.
The gnoll closely misses you.
You hit the gnoll but do no damage.
The gnoll is heavily wounded.
You closely miss the gnoll. The gnoll hits you with a +0 club.
The gnoll closely misses you.
The gnoll bouda calls upon its god to heal the gnoll.
The gnoll is healed somewhat.
You hear a shout!
You hit the gnoll.
The gnoll is moderately wounded.
You hit the gnoll. The gnoll hits you with a +0 club.
You die...

#....# ####.##.#
#....#. ## #....##.#
######.... #.#####.#
#.#. #.# #...#
####...## #.# #.####
#.......# #.###....#
#.....#.# #.....##.#
#.......#########..##.#
#...@........#....[#
#..gg...........####
#.....######.##.#
##g##'# #....# #. ...
###### #. ...# # ....#
g...# ..g..#


You could see a gnoll bouda and 2 gnolls.

Vanquished Creatures
  A worm (D:4)
  2 goblins (D:4)
  A hobgoblin (D:4)
4 creatures vanquished.

Notes
Turn   | Place    | Note
-------+----------+-------------------------------------------
     0 | D:5      | qw the Gargoyle Delver began the quest for the Orb.
     0 | D:5      | Reached XP level 1. HP: 14/14 MP: 1/1
     0 | D:5      | 0 ||| qw: Version: 0.1-a-117-gfe26ee0
     0 | D:5      | 0 ||| qw: Game counter: 10174
     0 | D:5      | 0 ||| qw: Always use a shield: true
     0 | D:5      | 0 ||| qw: God list: Okawaru
     0 | D:5      | 0 ||| qw: Allow faded altars: false
     0 | D:5      | 0 ||| qw: Do Orc after D:15 true
     0 | D:5      | 0 ||| qw: Do second Lair branch before Depths: true
     0 | D:5      | 0 ||| qw: Lair rune preference: random
     0 | D:5      | 0 ||| qw: Plans: Normal
     0 | D:5      | 0 ||| PLANNING D:1-11
    33 | D:5      | 33 ||| DROPPING scroll of fog.
    34 | D:5      | 34 ||| DROPPING scroll of magic mapping.
    35 | D:5      | 35 ||| DROPPING scroll of fear.
    41 | D:4      | 41 ||| PLANNING SEWER
    57 | D:4      | 57 ||| FLEEEEING.
    58 | D:4      | 58 ||| FLEEEEING.
    59 | D:4      | 59 ||| FLEEEEING.
    60 | D:4      | 60 ||| STAIRDANCE
   138 | D:4      | 138 ||| STAIRDANCE
   367 | D:4      | Noticed a gnoll bouda
   367 | D:4      | 367 ||| Stepping ~*~*~tactically~*~*~ (hiding).
   371 | D:4      | Reached XP level 2. HP: 9/19 MP: 2/2
   373 | D:4      | HP: 3/19 [gnoll/+0 club[a gnoll bouda] (4)]
   374 | D:4      | Slain by a gnoll

Levels and vault maps discovered:
D:3:      layout_loops_corners, gammafunk_ghost_cemetery
D:4:      layout_basic, okawaru_gym_becter, lightli_sewer_entry_pipes,
          amcnicky_mini_pool_small, minmay_rat_hole
D:5:      layout_loops_ring, nicolae_overflow_hallway_of_the_gods

Skill      XL: |  1 |
---------------+----+-----
Axes           | 2 |  2.4
Fighting       | |  3.2
Dodging        | |  1.5
Stealth        | |  5.4

Action                   || total
-------------------------++-------
Melee: Hand axe          ||    23
Armor: Leather armour    ||     1
Dodge: Dodged            ||    12

Table legend:
 A = Non-vault XP
 B = Vault XP
 C = Vault XP percentage of total XP
 D = Non-vault monster count
 E = Vault monster count
 F = Vault count percentage of total count
                 A         B        C        D         E       F
            +---------+---------+-------+---------+---------+-------
      Total |       5 |       5 |  50.0 |       3 |       1 |  25.0
            +---------+---------+-------+---------+---------+-------
        D:4 |       5 |       5 |  50.0 |       3 |       1 |  25.0
            +---------+---------+-------+---------+---------+-------
